 Dungeon Crawl Stone Soup version 0.30-a0-879-ga8ba668304 (webtiles) character file.

Game seed: 6086816358299006133

82 Juicyj the Trooper (level 4, -6/41 HPs)
             Began as a Minotaur Fighter on Mar 13, 2023.
             Splashed by a jelly's acid (7 damage)
             ... on level 2 of the Dungeon.
             The game lasted 00:01:56 (1012 turns).

Juicyj the Trooper (Minotaur Fighter)               Turns: 1012, Time: 00:02:03

Health: -6/41      AC: -4    Str: 22    XL:     4   Next: 21%
Magic:  3/3        EV:  9    Int:  5    God:
Gold:   111        SH:  4    Dex: 10    Spells: 3/3 levels left

rFire   . . .      SeeInvis .    a - +0 war axe
rCold   . . .      Faith    .    c - +0 buckler
rNeg    . . .      Spirit   .    b - +0 scale mail
rPois   .          Reflect  .    (helmet restricted)
rElec   .          Rampage  .    (no cloak)
rCorr   .                        (no gloves)
Will    .....                    (no boots) Stlth
                                 (no amulet)
HPRegen 0.26/turn                (no ring)
MPRegen 0.08/turn                (no ring)

@: corroded
A: horns 2, retaliatory headbutt
a: no special abilities


You were on level 2 of the Dungeon.
You visited 1 branch of the dungeon, and saw 2 of its levels.

You collected 111 gold pieces.

Inventory:

Hand Weapons
 a - a +0 war axe (weapon)
Missiles
 m - 5 datura-tipped darts (quivered)
Armour
 b - a +0 scale mail (worn)
 c - a +0 buckler (worn)
Scrolls
 f - a scroll of magic mapping {unknown}
 g - 2 scrolls of identify {unknown}
 j - a scroll of enchant armour {unknown}
Potions
 d - a potion of might
 e - a potion of flight {unknown}
 h - 2 potions of curing {unknown}
 i - a potion of haste {unknown}
 k - a potion of brilliance {unknown}
 l - a potion of mutation {unknown}


   Skills:
 + Level 4.4 Fighting
 + Level 3.4 Axes
 + Level 4.4 Armour
 + Level 4.3 Shields


You had 3 spell levels left.
You didn't know any spells.
Your spell library contained the following spells:

 Spells                   Type           Power      Damage    Failure   Level
 Sting                    Tmut/Pois      0%         1d3       87%         1


Dungeon Overview and Level Annotations

Branches:
Dungeon (2/15)

Altars:


Innate Abilities, Weirdness & Mutations

You have a pair of horns on your head.
You reflexively headbutt those who attack you in melee.


Message History

You kill the endoplasm!
You hit the endoplasm. You block the endoplasm's attack.
The endoplasm barely misses you. You furiously retaliate!
You headbutt the endoplasm!
You kill the endoplasm!
The endoplasm freezes you.
You are frozen.
The endoplasm freezes you.
You are frozen.
You slash the endoplasm!
You kill the endoplasm!
You slash the endoplasm!
You kill the endoplasm!
You slash the jelly!
Your hands burn!
You headbutt the jelly.
The jelly is almost dead.
You hit the endoplasm but do no damage. The jelly hits you.
The acid corrodes you!
You are splashed with acid!
You block the jelly's attack. The endoplasm hits you.
You hit the jelly but do no damage. The acid corrodes you!
Your hands burn!
The jelly is almost dead.
You slash the jelly!
Your hands burn!
You hit the endoplasm but do no damage. You block the jelly's attack.
The jelly hits you.
You are splashed with acid.
* * * LOW HITPOINT WARNING * * *
You block the endoplasm's attack.
You are too injured to fight recklessly!
You are too injured to fight recklessly!
You are too injured to fight recklessly!
You are too injured to fight recklessly!
You are too injured to fight recklessly!
You are too injured to fight recklessly!
You are too injured to fight recklessly!
You are too injured to fight recklessly!
The jelly attacks as you move away! The jelly misses you.
You hit the jelly.
Your hands burn!
* * * LOW HITPOINT WARNING * * *
The jelly is almost dead.
The jelly hits you.
* * * LOW HITPOINT WARNING * * *
The acid corrodes you!
You are splashed with acid!
You die...

......#.##.^###########
...##.#.#...##.....P..!
#.....#)#.#.##.÷÷..P.P.
#..(###.#.#.##.........
#...# #.#.#.##........÷
#.#.###.#.#.##÷.J..P÷P.
..#.......#.##JJ.J.....
###.###.>...# #J#######
#.# #÷##### ##@..)..##
###.###.# ########.#
#...#..)# #....'..##
..###.#.# #....####
..#...#.# #.......#
..#.###.# #..)(...#
.##.# #.# #.[.....#
.##.# #.# #.......#
.'..# #.## ##.....##


You could see 2 jellies and an endoplasm.

Vanquished Creatures
  An adder (D:2)
  A worm (D:2)
  2 dart slugs
  9 endoplasms
  2 giant cockroaches (D:1)
  5 goblins
  3 hobgoblins
  4 jackals (D:2)
  12 kobolds
  3 quokkas (D:1)
  4 ball pythons
  6 bats
  3 frilled lizards
  6 rats
61 creatures vanquished.

Vanquished Creatures (others)
  A plant (D:2)
  11 toadstools (D:2)
12 creatures vanquished.

Grand Total: 73 creatures vanquished

Notes
Turn   | Place    | Note
-------+----------+-------------------------------------------
     0 | D:1      | Juicyj the Minotaur Fighter began the quest for the Orb.
     0 | D:1      | Reached XP level 1. HP: 19/19 MP: 0/0
   166 | D:1      | Reached XP level 2. HP: 27/27 MP: 1/1
   424 | D:1      | Reached XP level 3. HP: 33/33 MP: 2/2
   682 | D:2      | Found a faded altar of an unknown god.
   690 | D:2      | Got Plato's Folio of the Shapeshifter
   772 | D:2      | Reached XP level 4. HP: 41/41 MP: 3/3
  1012 | D:2      | HP: 1/41 [jelly (3)]
  1012 | D:2      | Splashed by a jelly's acid

Illustrated notes

Levels and vault maps discovered:
D:1:      minmay_arrival_diagonal_passages, layout_rooms,
          hangedman_decor_slide_cut, minmay_misc_feat_rows, minmay_statues_item,
          st_stairs_1, minmay_crystal_water
D:2:      cheibrodos_fertilizer, layout_basic,
          shapermc_ecumenical_altar_rom_forum, minmay_large_rounded_square

Skill      XL: |  1  2 |
---------------+-------+-----
Fighting       | 4 |  4.4
Axes           | 3 |  3.4
Armour         | 4 |  4.4
Shields        | 4 |  4.3

Action                     |  1- 3 |  4- 6 || total
---------------------------+-------+-------++-------
  Melee: War axe           |    97 |    21 ||   118
         Headbutt          |    12 |     2 ||    14
 Armour: Scale mail        |    54 |     6 ||    60
  Dodge: Dodged            |    51 |     9 ||    60
  Block: Buckler           |    21 |     9 ||    30

Table legend: (Time is in decaauts)
 A = Elapsed time spent in this place.
 B = Non-inter-level travel time spent in this place.
 C = Inter-level travel time spent in this place.
 D = Time resting spent in this place.
 E = Time spent auto-exploring this place.
 F = Levels seen in this place.
 G = Mean time per level.
                   A        B        C        D        E       F      G
               +--------+--------+--------+--------+--------+-----+--------+
         Total |   1058 |   1039 |     19 |      0 |    727 |   2 |  529.0 |
       Dungeon |   1058 |   1039 |     19 |      0 |    727 |   2 |  529.0 |
               +--------+--------+--------+--------+--------+-----+--------+

Top non-repeatable levels by time:
     D:2: 580 daAuts
     D:1: 478 daAuts
